 Dungeon Crawl Stone Soup version 0.32-a0-391-gce5c0aab1b (webtiles) character file.

Game seed: 6486658134945493285

1081 Zeldest the Cudgeller (level 8, -6/69 HPs)
             Began as a Mountain Dwarf Fighter on Feb 20, 2024.
             Was a Follower of Beogh.
             Mangled by a troll (7 damage)
             ... on level 5 of the Dungeon.
             The game lasted 00:02:41 (3908 turns).

Zeldest the Cudgeller (Mountain Dwarf Fighter)      Turns: 3908, Time: 00:02:42

Health: -6/69      AC:  8    Str: 22    XL:     8   Next: 8%
Magic:  9/11       EV:  9    Int: 11    God:    Beogh [*.....]
Gold:   244        SH:  4    Dex:  9    Spells: 7/7 levels left

rFire   . . .        m - +10 mace "Xoifim" {drain, ^Contam rPois Int+3}
rCold   . . .        c - +0 buckler
rNeg    . . .        b - +0 scale mail
rPois   +            (no helmet)
rElec   .            (no cloak)
rCorr   .            i - +0 pair of gloves
SInv    .            (no boots)
Will    .....        (no amulet) Stlth
                     (no ring)
HPRegen 0.31/turn    (no ring)
MPRegen 0.12/turn

%: no passive effects
@: mighty
A: runic magic, artefact enchanting
a: Renounce Religion


You were on level 5 of the Dungeon.
You worshipped Beogh.
Beogh was aware of your devotion.
You visited 1 branch of the dungeon, and saw 5 of its levels.

You collected 257 gold pieces.
You spent 13 gold pieces at shops.

Inventory:

Hand Weapons
 a - a +0 war axe
 m - the +10 mace "Xoifim" (weapon) {drain, ^Contam rPois Int+3}
   (You found it on level 2 of the Dungeon)

   Int+3:     It affects your intelligence (+3).
   rPois:     It protects you from poison ^Contam: It causes magical
   contamination when unequipped.
Armour
 b - a +0 scale mail (worn)
 c - a +0 buckler (worn)
 i - a +0 pair of gloves (worn)
Jewellery
 p - an amulet of regeneration
Wands
 r - a wand of roots (8)
Scrolls
 e - 6 scrolls of identify {unknown}
 f - a scroll of poison {unknown}
 g - 2 scrolls of blinking {unknown}
 l - 2 scrolls of enchant armour {unknown}
 n - a scroll of teleportation {unknown}
 o - a scroll of acquirement {unknown}
 q - a scroll of brand weapon {unknown}
 s - a scroll of silence {unknown}
 u - a scroll of amnesia {unknown}
Potions
 d - a potion of might
 h - a potion of magic {unknown}
 j - a potion of invisibility {unknown}
 k - 2 potions of attraction {unknown}
 t - a potion of heal wounds {unknown}


   Skills:
 + Level 5.4 Fighting
 - Level 4.1(5.5) Axes
 * Level 5.5(6.2) Maces & Flails
 + Level 5.4 Armour
 + Level 5.3 Shields
 + Level 4.1 Invocations


You had 7 spell levels left.
You didn't know any spells.
Your spell library was empty.

Dungeon Overview and Level Annotations

Branches:
Dungeon (5/15) Zot: 26013
 Temple: D:4-7

Altars:

Shops:
D:2 !(


Innate Abilities, Weirdness & Mutations

Your spellcasting is much less encumbered by armour.
You can use scrolls of enchantment on lesser artefacts.


Message History

You thump the ogre! You drain the ogre.
The ogre is heavily wounded.
The ogre hits you with a +0 giant club!!
You barely miss the ogre.
The ogre is heavily wounded.
The ogre barely misses you.
You barely miss the ogre.
The ogre is heavily wounded.
The ogre misses you.
You thump the ogre! You drain the ogre.
The ogre is almost dead.
You sock the ogre!
You kill the ogre!
Beogh accepts your kill. The troll bites you but does no damage.
The troll barely misses you. x2
Your Invocations skill increases to level 4!
You have reached level 8!
You feel stronger.
You closely miss the troll. The troll bites you. The troll misses you.
The troll claws you.
You completely miss the troll. The troll bites you! The troll claws you.
You block the troll's attack.
You hit the troll. You drain the troll.
The troll is moderately wounded.
The troll bites you!
* * * LOW HITPOINT WARNING * * *
The troll closely misses you. The troll claws you but does no damage.
You feel very mighty all of a sudden. The troll bites you.
* * * LOW HITPOINT WARNING * * *
The troll barely misses you. x2
Okay, then.
Okay, then.
Okay, then.
You sock the troll!
The troll is heavily wounded.
The troll closely misses you. The troll claws you.
* * * LOW HITPOINT WARNING * * *
The troll claws you!
You die...

####....#)....).................
#........))....#................
##...........#####.............^
####........###................
..............................
##..........###...............
#...........# #...............
........(....###.......#.......
.............T@........###...#.
..........###.......# ##...
..........##........# ##.
.......#.###........# .[....##.#
#.######## ...... ... .. .....
..!.... ..... ......< ....
...(...


You could see a troll (drained).

Vanquished Creatures
  An ice beast (D:5)
  2 ogres
  4 scorpions (D:5)
  2 hounds
  An orc priest (D:3)
  2 jellies
  A gnoll bouda (D:4)
  A sleepcap (D:4)
  An iguana (D:4)
  2 orc wizards
  10 gnolls
  6 adders
  2 white imps (D:5)
  2 dart slugs
  10 orcs
  A bat (D:1)
  7 endoplasms
  6 giant cockroaches
  8 goblins
  6 hobgoblins
  7 kobolds
  4 quokkas
  4 ball pythons
  2 frilled lizards (D:1)
  3 rats
95 creatures vanquished.

Vanquished Creatures (others)
  2 orcs (D:4)
2 creatures vanquished.

Grand Total: 97 creatures vanquished

Notes
Turn   | Place    | Note
-------+----------+-------------------------------------------
     0 | D:1      | Zeldest the Mountain Dwarf Fighter began the quest for the
                  | Orb.
     0 | D:1      | Reached XP level 1. HP: 19/19 MP: 1/1
   116 | D:1      | Reached XP level 2. HP: 26/26 MP: 2/2
   641 | D:1      | Reached XP level 3. HP: 31/31 MP: 3/3
   946 | D:2      | Found Tajuoros's Distillery.
   949 | D:2      | Bought a potion of degeneration for 13 gold pieces
  1228 | D:2      | Found Fixzeifui's Weapon Shop.
  1230 | D:2      | Identified the +10 mace "Xoifim" {drain, ^Contam rPois
                  | Int+3}
  1389 | D:2      | Reached XP level 4. HP: 40/40 MP: 4/4
  1420 | D:2      | Became a worshipper of Beogh the Shepherd
  2111 | D:3      | Reached skill level 1 in Invocations
  2155 | D:3      | Reached skill level 1 in Maces & Flails
  2155 | D:3      | Reached XP level 5. HP: 38/46 MP: 5/5
  2499 | D:3      | Found a faded altar of an unknown god.
  3115 | D:4      | Noticed an ogre
  3120 | D:4      | Killed an ogre
  3121 | D:4      | Reached XP level 6. HP: 25/53 MP: 7/7
  3379 | D:4      | Reached * piety under Beogh
  3565 | D:4      | Reached XP level 7. HP: 60/60 MP: 9/9
  3701 | D:5      | Entered Level 5 of the Dungeon
  3721 | D:5      | Reached skill level 5 in Fighting
  3727 | D:5      | Reached skill level 5 in Armour
  3812 | D:5      | Reached skill level 5 in Shields
  3861 | D:5      | Reached skill level 5 in Maces & Flails
  3891 | D:5      | Noticed a troll
  3904 | D:5      | Reached XP level 8. HP: 43/69 MP: 9/11
  3908 | D:5      | HP: 1/69 [troll (3)]
  3908 | D:5      | Mangled by a troll

Illustrated notes

Levels and vault maps discovered:
D:1:      mushboom_english_gardens, layout_basic
D:2:      layout_loops_corners, serial_shops, shop,
          nicolae_shop_real_fake_doors, dk_noncrumbling_2
D:3:      layout_basic, shapermc_ecumenical_altar_ellora, minmay_close_crescents
D:4:      layout_basic, grunt_decor_one_mirror
D:5:      layout_rooms, minmay_temple_entry_proselytizer,
          chequers_serial_rivers_small_b, uniq_crazy_yiuf_cottage

Skill      XL: |  1  2  3  4  5  6  7 |
---------------+----------------------+-----
Axes           | 3 4 |  4.1
Shields        | 4 5 |  5.3
Fighting       | 4 5 |  5.4
Invocations    | 1 2 4 |  4.1
Maces & Flails | 1 2 3 5 |  5.5
Armour         | 4 5 |  5.4

Action                     |  1- 3 |  4- 6 |  7- 9 || total
---------------------------+-------+-------+-------++-------
  Melee: War axe           |    86 |    49 |       ||   135
         Mace              |       |    84 |    48 ||   132
 Invoke: Convert to Beogh  |       |     1 |       ||     1
    Use: Potion            |       |       |     1 ||     1
 Armour: Scale mail        |    50 |    97 |    45 ||   192
  Dodge: Dodged            |    31 |    72 |    35 ||   138
  Block: Buckler           |    18 |    27 |     8 ||    53

Table legend: (Time is in decaauts)
 A = Elapsed time spent in this place.
 B = Non-inter-level travel time spent in this place.
 C = Inter-level travel time spent in this place.
 D = Time resting spent in this place.
 E = Time spent auto-exploring this place.
 F = Levels seen in this place.
 G = Mean time per level.
                   A        B        C        D        E       F      G
               +--------+--------+--------+--------+--------+-----+--------+
         Total |   3985 |   3775 |    210 |    591 |   2566 |   5 |  797.0 |
       Dungeon |   3985 |   3775 |    210 |    591 |   2566 |   5 |  797.0 |
               +--------+--------+--------+--------+--------+-----+--------+

Top non-repeatable levels by time:
     D:3: 1183 daAuts
     D:2: 999 daAuts
     D:1: 839 daAuts
     D:4: 808 daAuts
     D:5: 155 daAuts
